 Dungeon Crawl Stone Soup version 0.31-a0-523-g071a6c1ffa (webtiles) character file.

Game seed: 5684633169850874089

676 Shayle the Trooper (level 7, -1/75 HPs)
             Began as an Ogre Shapeshifter on Aug 11, 2023.
             Slain by an iron imp (4 damage)
             ... summoned by Eustachio
             ... on level 5 of the Dungeon.
             The game lasted 00:10:47 (5144 turns).

Shayle the Trooper (Ogre Shapeshifter)              Turns: 5144, Time: 00:10:48

Health: -1/75      AC:  6    Str: 17 (18) XL:     7   Next: 60%
Magic:  13/13      EV:  9    Int: 10 (11) God:
Gold:   183        SH:  0    Dex:  7 (9)  Spells: 15/15 levels left

rFire   . .          .
                       - Unarmed
rCold   . . .        (no shield)
rNeg    . . .        a - +1 animal skin
rPois   .            (helmet currently unavailable)
rElec   .            (cloak currently unavailable)
rCorr   +            (gloves unavailable)
SInv    +            (boots unavailable)
Will    +....        x - amulet of the acrobat
Stlth   +            k - ring of willpower
HPRegen 0.32/turn    t - ring of resist corrosion
MPRegen 0.13/turn

%: acrobat
@: lethally poisoned (-1 -> -8), beast-form
A: beast (slay +2), large, unfitting armour, tough skin 1, horns 1, iridescent
scales 1, weak 1, inability to drink after injury 1
a: Begin Untransformation


You were on level 5 of the Dungeon.
You were a hulking beast.
You visited 1 branch of the dungeon, and saw 5 of its levels.
You also visited: Sewer.

You collected 183 gold pieces.

Inventory:

Hand Weapons
 b - a +2 halberd of protection
 l - a +1 hand axe of venom
 q - a +0 sling of draining
Armour
 a - a +1 animal skin (worn)
Jewellery
 e - a +6 ring of intelligence
 h - a ring of wizardry
 k - a ring of willpower (left hand)
 t - a ring of resist corrosion (right hand)
 u - a +6 ring of intelligence
 x - an amulet of the acrobat (around neck)
Talismans
 c - a beast talisman (active)
 d - a flux talisman
Wands
 v - a wand of flame (20)
Scrolls
 i - a scroll of poison
 m - 3 scrolls of teleportation
 n - 5 scrolls of enchant armour
 o - a scroll of amnesia
Potions
 f - 6 potions of enlightenment


   Skills:
 + Level 6.2 Fighting
 - Level 2.0 Dodging
 + Level 4.9 Unarmed Combat
 + Level 4.6 Spellcasting
 - Level 3.1 Shapeshifting


You had 15 spell levels left.
You didn't know any spells.
Your spell library was empty.

Dungeon Overview and Level Annotations

Branches:
Dungeon (5/15)              Sewer (visited)
 Temple: D:4-7

Altars:

Shops:
D:1 =

Annotations:
D:5 Dowan, Duvessa, Eustachio


Innate Abilities, Weirdness & Mutations

You are a hulking beast.
Your limbs bulge with bestial killing power. (Slay +2)
You are too large for most types of armour.
You have tough skin. (AC +1)
You have a pair of small horns on your head.
You are partially covered in iridescent scales. (AC +2)
You are weak. (Str -2)
You occasionally lose the ability to drink potions when taking damage.


Message History

You completely miss Eustachio.
Eustachio is lightly wounded.
Eustachio misses you.
Unknown command.
You hit Eustachio. Your headbutt misses Eustachio.
Eustachio is moderately wounded.
You feel sick. The iron imp hits you.
* * * LOW HITPOINT WARNING * * *
The iron imp hits you but does no damage.
Eustachio hits you with a +2 rapier of venom.
* * * LOW HITPOINT WARNING * * *
You are more poisoned.
You feel better. Eustachio hits you but does no damage.
You are poisoned.
The iron imp hits you but does no damage.
The iron imp hits you.
You punch Eustachio! You headbutt Eustachio!
Eustachio is severely wounded.
You feel sick. Eustachio barely misses you. The iron imp hits you!
* * * LOW HITPOINT WARNING * * *
The iron imp closely misses you.
You barely miss Eustachio.
Eustachio is severely wounded.
Eustachio hits you with a +2 rapier of venom.
* * * LOW HITPOINT WARNING * * *
You are more poisoned.
You hit Eustachio.
Eustachio is severely wounded.
* * * LOW HITPOINT WARNING * * *
You feel very sick. The iron imp completely misses you. The iron imp hits you.
* * * LOW HITPOINT WARNING * * *
Eustachio mumbles some strange words.
Okay, then.
As you read the scroll labelled WIUMU SOXADO, it crumbles to dust.
You feel aware of your surroundings.
It was a scroll of revelation.
* * * LOW HITPOINT WARNING * * *
You feel very sick. The iron imp hits you.
You die...

#..#######.###
###########..#######.#
#######............#.#
#######.###..#####.#.#**
############.###..## #.#..,,
#............###..#####.###**
#####.#######............##.#
............#..55###.###.##.##
#####.#####.####h###.###.....#
# #.# ##.####@###.###.##..# #
###.#####.####r##......##..# #
#..........###5#.....####..## #
#.#.#####..###.r.........5..##
#
#.#.....#..#####.<...###..#..##
# #.#####.#..######....#
#.###.55 # #.# #.#..#######...#
#.5#..## # #.# #.#..# ##..#
##.5.##


You could see Eustachio, 2 iron imps, a quasit (summoned), a quokka (summoned)
and a rat (summoned, wandering).

Vanquished Creatures
  A black bear (D:3)
  An ogre (D:5)
  Blork the orc (D:5)
  3 hounds (D:5)
  A gnoll bouda (D:5)
  An iguana (D:4)
  An orc wizard (D:3)
  A sickly merfolk siren (Sewer)
  Ijyb (D:3)
  A malarious merfolk avatar (Sewer)
  2 gnolls
  4 adders
  3 river rats (Sewer)
  3 worms
  2 dart slugs
  8 orcs
  12 ball pythons
  4 endoplasms
  6 giant cockroaches
  8 goblins
  4 hobgoblins
  2 kobolds
  6 quokkas
  4 bats
  5 frilled lizards
  29 rats
114 creatures vanquished.

Notes
Turn   | Place    | Note
-------+----------+-------------------------------------------
     0 | D:1      | Shayle the Ogre Shapeshifter began the quest for the Orb.
     0 | D:1      | Reached XP level 1. HP: 19/19 MP: 1/1
   126 | D:1      | Reached XP level 2. HP: 28/28 MP: 2/2
   350 | D:1      | Reached skill level 2 in Fighting
   659 | D:1      | Found Buseid's Jewellery Shoppe.
   962 | D:2      | Reached skill level 1 in Spellcasting
   962 | D:2      | Reached XP level 3. HP: 33/36 MP: 2/4
  1196 | D:2      | Found a faded altar of an unknown god.
  1641 | D:3      | Reached skill level 3 in Fighting
  1714 | D:3      | Reached XP level 4. HP: 45/45 MP: 6/6
  2316 | D:3      | Noticed Ijyb
  2341 | D:3      | Killed Ijyb
  2342 | D:3      | Reached XP level 5. HP: 16/53 MP: 8/8
  2655 | D:4      | Found a glowing drain.
  2667 | Sewer    | Entered a sewer
  2812 | Sewer    | Reached skill level 4 in Fighting
  3290 | Sewer    | Reached XP level 6. HP: 63/63 MP: 10/10
  3811 | D:5      | Entered Level 5 of the Dungeon
  3905 | D:5      | Reached skill level 5 in Fighting
  3987 | D:5      | Noticed Duvessa
  3988 | D:5      | Noticed Dowan
  4017 | D:4      | Noticed a black bear
  4221 | D:5      | Reached XP level 7. HP: 66/72 MP: 12/12
  4230 | D:5      | Noticed Blork the orc
  4252 | D:5      | Gained mutation: You are partially covered in iridescent
                  | scales. (AC +2) [potion of mutation]
  4252 | D:5      | Gained mutation: You occasionally lose the ability to drink
                  | potions when taking damage. [potion of mutation]
  4252 | D:5      | Gained mutation: You are weak. (Str -2) [potion of
                  | mutation]
  4252 | D:5      | Gained mutation: You have a pair of small horns on your
                  | head. [potion of mutation]
  4255 | D:5      | Killed Blork the orc
  4733 | D:5      | Noticed Eustachio
  4774 | D:3      | Reached skill level 6 in Fighting
  5144 | D:5      | HP: 3/75 [poisoned by Eustachio]
  5144 | D:5      | Slain by an iron imp

Illustrated notes

Levels and vault maps discovered:
D:1:      ebering_trefoil_3fold, layout_loops_ring, serial_shops, shop,
          feat_on_display
D:2:      layout_loops_cross, basic_ecumenical_altar,
          minmay_misc_feat_more_columns
D:3:      layout_basic, uniq_ijyb
D:4:      layout_gridville, portal_sewer_entry_d
D:5:      layout_loops_ring, uniq_duvessa, uniq_blork_the_orc, uniq_eustachio

Skill      XL: |  1  2  3  4  5  6  7 |
---------------+----------------------+-----
Dodging        | 2 |  2.0
Fighting       | 2 3 4 5 6 |  6.2
Unarmed Combat | 3 4 |  4.9
Spellcasting   | 1 2 3 4 |  4.6
Shapeshifting  | |  3.1

Action                     |  1- 3 |  4- 6 |  7- 9 || total
---------------------------+-------+-------+-------++-------
  Melee: Unarmed           |   108 |   224 |    70 ||   402
         Punch             |     1 |     3 |     1 ||     5
         Headbutt          |       |       |    14 ||    14
  Evoke: Wand              |       |       |     2 ||     2
    Use: Scroll            |       |     3 |     6 ||     9
         Potion            |       |     5 |     5 ||    10
   Stab: Sleeping          |     1 |       |       ||     1
 Armour: Animal skin       |    19 |    49 |    34 ||   102
         Skin              |       |    20 |       ||    20
  Dodge: Dodged            |    41 |   121 |    47 ||   209

Table legend: (Time is in decaauts)
 A = Elapsed time spent in this place.
 B = Non-inter-level travel time spent in this place.
 C = Inter-level travel time spent in this place.
 D = Time resting spent in this place.
 E = Time spent auto-exploring this place.
 F = Levels seen in this place.
 G = Mean time per level.
                   A        B        C        D        E       F      G
               +--------+--------+--------+--------+--------+-----+--------+
         Total |   5116 |   5024 |     92 |   1264 |   2432 |   6 |  852.7 |
       Dungeon |   4450 |   4358 |     92 |    914 |   2368 |   5 |  890.0 |
         Sewer |    665 |    665 |      0 |    350 |     64 |   1 |  665.0 |
               +--------+--------+--------+--------+--------+-----+--------+

Top non-repeatable levels by time:
     D:3: 1064 daAuts
     D:5: 959 daAuts
     D:1: 882 daAuts
     D:4: 813 daAuts
     D:2: 729 daAuts
   Sewer: 665 daAuts
